Map: Yellowjacket

Players

KingShrimp - Winner!

  • Race: Terran Terran
  • Spawn Location: 3:00

Asklon - Winner!

  • Race: Terran Terran
  • Spawn Location: 1:00

Ekelpack

  • Race: Zerg Zerg
  • Spawn Location: 9:00

Nyck

  • Race: Terran Terran
  • Spawn Location: 7:00

VOD

Have the link to the VOD?

Description

Time

  • Played on: April 1, 2025, 2:26 p.m.
  • Length: 7:47
Show
View Real Time Build Order
Export as new Build Order

KingShrimp Terran - Winner!

Build Orders: Liberator Opening 

Get SALT Encoding   

  12  0:00  SCV  
  13  0:12  SCV  
  14  0:21  Supply Depot  
  14  0:25  SCV  
  15  0:42  SCV  
  16  0:45  Barracks  
  16  0:47  Refinery  
  16  0:54  SCV  
  16  0:56  Refinery  
  17  1:06  SCV  
  18  1:18  SCV  
  19  1:31  SCV  
  19  1:32  Supply Depot  
  20  1:33  Marine  
  21  1:43  SCV  
  22  1:49  Factory  
  22  1:51  Marine  
  23  1:55  SCV  
  24  2:07  SCV  
  25  2:10  Barracks  
  25  2:14  Marine  
  26  2:25  Orbital Command  
  26  2:32  Marine  
  27  2:38  Factory Tech Lab  
  27  2:44  Starport  
  27  2:55  Supply Depot  
  27  3:00  Barracks Tech Lab, Barracks Reactor  
  27  3:04  Siege Tank  
  30  3:20  Liberator  
  33  3:27  Stimpack  
  33  3:38  Engineering Bay  
  33  3:42  Engineering Bay  
  33  3:46  Marine x2  
  33  3:47  Siege Tank  
  38  3:58  Supply Depot  
  38  4:16  Supply Depot  
  38  4:19  Medivac  
  38  4:23  Marine x2  
  38  4:24  Marine  
  43  4:31  Terran Infantry Weapons Level 1  
  40  5:21  Marine  
  40  5:22  Marine x2  
  40  5:23  Medivac  
  45  5:36  Siege Tank  
  45  5:39  Marine x2  
  45  5:41  Terran Infantry Armor Level 1  
  50  5:43  Combat Shield  
  50  6:04  Marine x3  
  47  6:10  Barracks  
  49  6:21  Marine  
  49  6:23  Command Center  
  50  6:28  Siege Tank  
  53  6:35  Supply Depot  
  53  6:38  Armory  
  53  6:42  Marine x2  
  55  6:56  Marine  
  55  7:00  Siege Tank  
  52  7:28  Marine x2  
  54  7:30  Barracks Reactor  
Show
View Real Time Build Order
Export as new Build Order

Asklon Terran - Winner!

Build Orders: 2 Factory 

Get SALT Encoding   

  12  0:00  SCV  
  13  0:12  SCV  
  14  0:25  Supply Depot  
  14  0:27  SCV  
  15  0:32  Refinery  
  15  0:47  SCV  
  15  0:49  Barracks  
  16  0:56  Refinery  
  16  0:59  SCV  
  17  1:11  SCV  
  18  1:23  SCV  
  19  1:35  Barracks Tech Lab  
  19  1:38  Supply Depot  
  19  1:39  SCV  
  20  1:51  SCV  
  21  1:54  Marine  
  21  1:57  Bunker  
  22  2:03  SCV, Factory  
  23  2:15  SCV  
  23  2:21  Marine  
  25  2:25  Factory  
  25  2:32  SCV  
  26  2:38  Supply Depot  
  27  2:44  SCV  
  27  3:00  Orbital Command  
  27  3:08  Infernal Pre-Igniter  
  27  3:10  Hellion, Factory Reactor  
  29  3:13  Marine  
  30  3:31  Hellion  
  30  3:34  Marine  
  33  3:46  Hellion  
  33  3:47  Hellion  
  37  3:53  Hellion  
  39  4:12  Supply Depot  
  39  4:13  Hellion x2  
  39  4:14  Hellion  
  45  4:23  Supply Depot  
  45  4:35  Hellion x2  
  49  4:55  Hellion  
  49  4:56  Hellion x2  
  55  5:17  Hellion  
  43  5:35  Hellion x2  
  47  5:38  Hellion  
  49  5:56  Hellion x2  
  47  6:00  Hellion  
  45  6:17  Hellion  
  45  6:18  Hellion  
  49  6:21  Hellion  
  49  6:39  Hellion x2  
  53  6:43  Hellion  
  53  6:56  Command Center  
  53  7:00  Hellion x2  
  57  7:04  Hellion  
Show
View Real Time Build Order
Export as new Build Order

Ekelpack Zerg 

Build Orders: Hatch First 

Get SALT Encoding   

  12  0:00  Drone  
  13  0:12  Overlord  
  13  0:18  Drone  
  14  0:31  Drone x2  
  16  0:35  Drone  
  17  0:55  Drone  
  17  0:56  Hatchery  
  17  1:00  Drone  
  18  1:13  Spawning Pool  
  18  1:16  Extractor  
  18  1:17  Drone  
  17  1:22  Drone  
  18  1:44  Overlord  
  18  1:46  Drone  
  19  1:51  Drone  
  20  2:01  Queen  
  20  2:06  Zergling x2  
  20  2:08  Queen  
  25  2:14  Zergling x2  
  26  2:16  Drone  
  26  2:21  Metabolic Boost  
  27  2:24  Zergling x2  
  27  2:29  Drone x2  
  30  2:41  Drone  
  31  2:56  Zergling x2  
  31  2:57  Zergling x4  
  34  3:00  Drone  
  34  3:01  Lair  
  34  3:03  Extractor  
  34  3:04  Drone  
  35  3:11  Overlord  
  35  3:13  Drone  
  36  3:20  Extractor  
  35  3:29  Queen  
  35  3:33  Zergling x6  
  40  3:41  Drone x2  
  40  3:42  Drone x2  
  44  3:50  Overlord  
  42  4:20  Drone  
  42  4:21  Drone x2  
  42  4:23  Drone x4  
  42  4:24  Drone x2  
  51  4:28  Overlord  
  51  4:29  Extractor  
  50  4:49  Zergling x8  
  50  4:50  Overlord  
  40  5:28  Zergling x14  
  44  5:29  Zergling x4, Spire  
  44  5:34  Spore Crawler  
  44  5:43  Zergling x8  
  38  5:58  Zergling x6  
  38  5:59  Zergling x2  
  37  6:20  Roach Warren  
  34  6:27  Zergling x6  
  34  6:49  Mutalisk x2  
  34  6:52  Overlord x3  
  37  7:05  Overlord  
  36  7:13  Mutalisk x2  
  36  7:14  Mutalisk  
Show
View Real Time Build Order
Export as new Build Order

Nyck Terran 

Build Orders:  

Get SALT Encoding   

  12  0:00  SCV  
  13  0:13  SCV  
  14  0:17  Supply Depot  
  14  0:25  SCV  
  15  0:38  SCV  
  15  0:40  Barracks  
  16  0:52  Barracks  
  16  0:53  SCV  
  17  1:05  SCV  
  18  1:17  SCV  
  19  1:23  Supply Depot  
  19  1:28  Marine  
  20  1:39  Barracks  
  20  1:40  Orbital Command  
  20  1:42  Marine  
  21  1:55  Marine  
  21  2:00  Marine  
  23  2:06  SCV  
  24  2:11  Refinery  
  24  2:12  Refinery  
  24  2:14  Marine  
  25  2:20  Marine  
  26  2:24  Supply Depot  
  26  2:27  Marine  
  27  2:31  SCV  
  27  2:33  Marine  
  29  2:43  SCV  
  30  2:59  Barracks Tech Lab  
  30  3:00  Barracks Reactor  
  30  3:02  Command Center, Barracks Reactor  
  31  3:12  SCV  
  31  3:20  Combat Shield  
  31  3:22  Marine  
  31  3:25  SCV  
  33  3:29  Supply Depot  
  33  3:38  Marine x2  
  33  3:39  Marine x2  
  37  3:46  Factory  
  37  3:49  Engineering Bay  
  37  3:52  Engineering Bay  
  37  3:56  Supply Depot  
  37  4:05  SCV  
  38  4:17  Orbital Command  
  38  4:21  SCV  
  38  4:23  Terran Infantry Weapons Level 1  
  39  4:34  Terran Infantry Armor Level 1  
  39  4:39  Marine x3, Stimpack  
  39  4:40  Marine  
  39  4:43  Marine  
  39  4:45  SCV x2  
  46  4:55  Starport  
  46  5:15  Marine x2  
  46  5:16  Marine x3  
  46  5:37  SCV x2  
  48  5:43  Armory  
  48  5:49  SCV x2  
  45  5:50  Marine x2  
  45  5:51  Marine x2, Marauder  
  38  6:14  Marine x3, Marauder  
  38  6:15  Marine  
  40  6:30  Hellion  
  38  6:33  Liberator  
  38  6:36  Marauder  
  36  6:49  Marine  
  36  6:50  Marine x3  
  36  6:51  Orbital Command  
  36  6:53  Hellion  
  42  7:07  Marauder  
  42  7:14  Hellion  
Tags
 
Add a new tag
Caveats
  • Supply blocks, unpowered buildings, or Contaminate may cause inaccurate times.
  • Supply counts are checked every 10 seconds.